 Dungeon Crawl Stone Soup version 0.23-a0-208-gb6b040f (webtiles) character file.

406 Felrender the Chopper (level 6, -7/52 HPs)
             Began as a Hill Orc Fighter on Sept 24, 2018.
             Mangled by a gnoll
             ... wielding a +0 club
              (9 damage)
             ... on level 4 of the Dungeon on Sept 25, 2018.
             The game lasted 00:06:20 (2677 turns).

Felrender the Chopper (Hill Orc Fighter)            Turns: 2677, Time: 00:06:21

Health: -7/52      AC: 11    Str: 21    XL:     6   Next: 87%
Magic:  6/6        EV:  4    Int: 13    God:
Gold:   125        SH:  8    Dex: 10    Spells: 5/5 levels left

rFire    . . .     SeeInvis .   a - +0 war axe
rCold    . . .     Gourm    .   c - +0 shield
rNeg     . . .     Faith    .   r - +1 chain mail
rPois    +         Spirit   .   p - +0 helmet
rElec    .         Reflect  .   (no cloak)
rCorr    .         Harm     .   (no gloves)
MR       .....                  n - +0 pair of boots
Stlth    ..........             (no amulet)
HPRegen  0.17/turn              h - +5 ring of intelligence
MPRegen  0.10/turn              q - ring of poison resistance

@: very heavily drained
A: no striking features
a: no special abilities


You were on level 4 of the Dungeon.
You were not hungry.

You visited 1 branch of the dungeon, and saw 4 of its levels.

You collected 125 gold pieces.

Inventory:

Hand Weapons
 a - a +0 war axe (weapon)
Missiles
 i - 4 tomahawks (quivered)
Armour
 b - a +0 scale mail
 c - a +0 shield (worn)
 n - a +0 pair of boots (worn)
 p - a +0 helmet (worn)
 r - a +1 chain mail (worn)
Jewellery
 g - an uncursed ring of magical power
 h - a +5 ring of intelligence (left hand)
 l - an uncursed ring of ice
 q - a ring of poison resistance (right hand)
 t - a +3 ring of strength {unknown}
 u - a +2 ring of dexterity {unknown}
Scrolls
 m - 2 scrolls of teleportation
Potions
 d - a potion of haste {unknown}
 e - a potion of brilliance
 k - 3 potions of agility
 o - a potion of cancellation {unknown}
 s - a potion of magic {unknown}
 v - a potion of invisibility {unknown}
 x - a potion of curing {unknown}
Comestibles
 f - 5 rations
 w - 5 chunks of flesh


   Skills:
 + Level 4.2(0.5) Fighting
 + Level 5.8(2.0) Axes
 + Level 5.3(1.5) Armour
 + Level 1.1(0.0) Dodging
 + Level 4.7(1.0) Shields


You had 5 spell levels left.
You didn't know any spells.
Your spell library was empty.

Dungeon Overview and Level Annotations

Branches:
Dungeon (4/15)
 Temple: D:4-7

Altars:


Message History

You slash the gnoll!
You kill the gnoll!
The gnoll barely misses you.
You hit the gnoll.
The gnoll is lightly wounded.
The gnoll hits you but does no damage. The gnoll hits you with a club!
* * * LOW HITPOINT WARNING * * *
Your shield prevents you from hitting the gnoll.
The gnoll is lightly wounded.
The gnoll hits you with a club.
* * * LOW HITPOINT WARNING * * *
The gnoll hits you with a club.
* * * LOW HITPOINT WARNING * * *
You hit the gnoll.
The gnoll is heavily wounded.
You block the gnoll's attack. The gnoll hits you but does no damage.
You hit the gnoll but do no damage.
The gnoll is heavily wounded.
The gnoll hits you with a club!
You die...

#.# #.# ..# ###
..# ##.##
..#########...##
...............###
.####.#####......#
.# #.# ##.###.#
### .# #.# ### #@#
.. .# #.# #g# .#
.# #.# ####.####.#
.# #.# #.......).#
#. ..#
.....##.###g.# .
#### #.# #..# #..
..... #####g.###
#..#


You could see a gnoll (berserk).

Vanquished Creatures
  A phantom (D:4)
  A hound (D:4)
  2 orc priests (D:3)
  An orc wizard (D:4)
  6 gnolls
  4 adders
  An ooze (D:2)
  4 dart slugs
  4 leopard geckos
  11 orcs
  2 ball pythons
  7 bats
  5 giant cockroaches
  4 goblins
  2 hobgoblins
  3 jackals (D:2)
  11 kobolds
  2 quokkas
  5 frilled lizards
  A leopard gecko skeleton (D:4)
  5 rats
82 creatures vanquished.

Notes
Turn   | Place    | Note
-------+----------+-------------------------------------------
     0 | D:1      | Felrender the Hill Orc Fighter began the quest for the Orb.
     0 | D:1      | Reached XP level 1. HP: 19/19 MP: 1/1
   161 | D:1      | Reached XP level 2. HP: 27/27 MP: 2/2
   721 | D:1      | Reached XP level 3. HP: 31/33 MP: 3/3
   986 | D:2      | Reached XP level 4. HP: 31/40 MP: 4/4
  1927 | D:3      | Reached XP level 5. HP: 34/46 MP: 5/5
  1939 | D:3      | Reached skill level 1 in Dodging
  2189 | D:3      | Reached skill level 5 in Armour
  2481 | D:4      | Noticed a phantom
  2516 | D:4      | Killed a phantom
  2516 | D:4      | Reached skill level 5 in Axes
  2516 | D:4      | Reached XP level 6. HP: 48/52 MP: 6/6
  2675 | D:4      | HP: 2/52 [gnoll/club (3)]
  2677 | D:4      | Mangled by a gnoll

Vault maps used:
D:1:      moated_graveyard_arrival
D:2:      kb_forest_paths
D:4:      first_ration, bloody_trog

Skill      XL: |  1  2  3  4  5 |
---------------+----------------+-----
Axes           | 3 4 5 |  5.8
Armour         | 4 5 |  5.3
Fighting       | 4 |  4.2
Shields        | 4 |  4.7
Dodging        | 1 |  1.1

Action                   |  1- 3 |  4- 6 || total
-------------------------+-------+-------++-------
Melee: War axe           |    92 |   248 ||   340
  Use: Scroll            |     5 |     5 ||    10
       Potion            |       |     5 ||     5
  Eat: Chunk             |       |     3 ||     3
       Ration            |       |     1 ||     1
Armor: Scale mail        |    36 |    36 ||    72
       Chain mail        |       |   113 ||   113
Dodge: Dodged            |    27 |    59 ||    86
Block: Shield            |    40 |   123 ||   163

Table legend:
 A = Non-vault XP
 B = Vault XP
 C = Vault XP percentage of total XP
 D = Non-vault monster count
 E = Vault monster count
 F = Vault count percentage of total count
                 A         B        C        D         E       F
            +---------+---------+-------+---------+---------+-------
      Total |     571 |       9 |   1.6 |      76 |       6 |   7.3
            +---------+---------+-------+---------+---------+-------
        D:1 |      38 |       0 |   0.0 |      22 |       0 |   0.0
        D:2 |     106 |       9 |   7.8 |      20 |       6 |  23.1
        D:3 |     155 |       0 |   0.0 |      23 |       0 |   0.0
        D:4 |     272 |       0 |   0.0 |      11 |       0 |   0.0
            +---------+---------+-------+---------+---------+-------
